 Dungeon Crawl Stone Soup version 0.28.0-53-g5a82cb258f (webtiles) character file.

Game seed: 2055666442827213634

0 Descartes the Grasshopper (level 1, -2/7 HPs)
             Began as a Felid Wanderer on July 11, 2022.
             Slain by a ball python (3 damage)
             ... on level 1 of the Dungeon.
             The game lasted 00:00:38 (33 turns).

Descartes the Grasshopper (Felid Wanderer)            Turns: 33, Time: 00:00:39

Health: -2/7       AC:  1    Str:  7    XL:     1   Next: 8%
Magic:  3/3        EV: 16    Int: 13    God:
Gold:   22         SH:  0    Dex: 16    Spells: 2/2 levels left
                                        Lives:  0   Deaths: 0

rFire   . . .      SeeInvis +   (weapon unavailable)
rCold   . . .      Faith    .   (shield unavailable)
rNeg    . . .      Spirit   .   (armour unavailable)
rPois   .          Reflect  .   (helmet unavailable)
rElec   .          Harm     .   (cloak unavailable)
rCorr   .          Rampage  .   (gloves unavailable)
Will    .....                   (boots unavailable)
Stlth   +.........              (no amulet)
HPRegen 0.02/turn               (no ring)
MPRegen 0.08/turn               (no ring)

@: quick
A: very small, claws 1, fangs 3, see invisible, speed 1, shaggy fur 1, stealthy
paws, no weapons or thrown items, no armour, multi-lived
a: no special abilities


You were on level 1 of the Dungeon.
You visited 1 branch of the dungeon, and saw 1 of its levels.

You collected 22 gold pieces.

Inventory:

Miscellaneous
 a - a piece from Xom's chessboard (15/15) (quivered)


   Skills:
 + Level 1.4 Dodging
 * Level 0.1 Stealth
 + Level 0.0 Unarmed Combat
 - Level 1.0 Spellcasting
 + Level 1.5 Hexes
 - Level 5.8 Translocations
 - Level 3.2 Evocations


You had 2 spell levels left.
You didn't know any spells.
Your spell library contained the following spells:

 Spells                   Type           Power      Damage    Failure   Level
 Apportation              Tloc           30%        N/A       2%          1
 Slow                     Hex            16%        N/A       16%         1
 Gell's Gravitas          Tloc           15%        N/A       8%          3
 Teleport Other           Tloc           15%        N/A       8%          3
 Dazzling Flash           Conj/Hex       4%         N/A       52%         3


Dungeon Overview and Level Annotations

Branches:
Dungeon (1/15)

Altars:


Innate Abilities, Weirdness & Mutations

You have sharp claws.
You have razor-sharp teeth.
You have supernaturally acute eyesight. (SInv)
You cover ground quickly. (Speed+)
You are covered in fur. (AC +1)
Your paws help you pounce on unaware monsters.
You are incapable of wielding weapons or throwing items.
You cannot wear armour.
You gain extra lives every three experience levels.


Message History

You are too injured to fight recklessly!
You are too injured to fight recklessly!
You are too injured to fight recklessly!
You are too injured to fight recklessly!
You are too injured to fight recklessly!
You are too injured to fight recklessly!
You are too injured to fight recklessly!
You are too injured to fight recklessly!
You are too injured to fight recklessly!
You are too injured to fight recklessly!
You are too injured to fight recklessly!
You are too injured to fight recklessly!
You are too injured to fight recklessly!
You are too injured to fight recklessly!
You are too injured to fight recklessly!
You are too injured to fight recklessly!
You are too injured to fight recklessly!
You are too injured to fight recklessly!
You are too injured to fight recklessly!
You are too injured to fight recklessly!
You are too injured to fight recklessly!
You are too injured to fight recklessly!
You are too injured to fight recklessly!
You are too injured to fight recklessly!
You are too injured to fight recklessly!
You are too injured to fight recklessly!
You are too injured to fight recklessly!
You are too injured to fight recklessly!
You are too injured to fight recklessly!
You escape the ball python's grasp.
The bat barely misses you.
Unknown command.
The bat closely misses you. The bat barely misses you.
The bat closely misses you. The bat hits you.
* * * LOW HITPOINT WARNING * * *
You scratch the bat.
You kill the bat!
The ball python bites you.
You die...

#..#...... #.
#.#..#.##
#.##.......####.#
#.......#.......#
###........###########
#....J#..#####......
#.......!.†#.....#
#....S...........#
#..##@...........#####
#.. #..###+###........
#......##...##....####
##.#...#.###.#....#
....)#.# #.#....#
.##..+ ##+.#..#.# .
#..# ..##..#... .
#..#######..# ....
.........<.#..#..


You could see an endoplasm and a ball python.

Vanquished Creatures
  2 bats (D:1)
2 creatures vanquished.

Notes
Turn   | Place    | Note
-------+----------+-------------------------------------------
     0 | D:1      | Descartes the Felid Wanderer began the quest for the Orb.
     0 | D:1      | Descartes set off with the following items: a piece from
                  | Xom's chessboard (15/15); and the following spells
                  | available to memorise: Apportation, Slow, Gell's Gravitas,
                  | Teleport Other, Dazzling Flash
     0 | D:1      | Reached XP level 1. HP: 7/7 MP: 3/3
    33 | D:1      | Slain by a ball python

Illustrated notes

Levels and vault maps discovered:
D:1:      minmay_arrival_stone_box, layout_loops_cross,
          dreamdust_ecumenical_altar_statues

Action                   || total
-------------------------++-------
Melee: Unarmed           ||     6
 Stab: Sleeping          ||     1
Armor: Skin              ||     2
Dodge: Dodged            ||     9
